 Dungeon Crawl Stone Soup version 0.28-a0-1234-g826d19b2e0 (webtiles) character file.

Game seed: 15979898732867715331

12213 vineage the Warrior (level 11, -3/113 HPs)
             Began as a Minotaur Fighter on Dec 23, 2021.
             Was a High Priest of Okawaru.
             Slain by a sphinx (16 damage)
             ... on level 11 of the Dungeon.
             The game lasted 00:15:09 (14528 turns).

vineage the Warrior (Minotaur Fighter)             Turns: 14528, Time: 00:15:09

Health: -3/113     AC: 10    Str: 21    XL:     11   Next: 59%
Magic:  0/10       EV: 10    Int:  5    God:    Okawaru [*****.]
Gold:   664        SH:  0    Dex: 14    Spells: 10/10 levels left

rFire   . . .      SeeInvis .   G - +6 war axe
rCold   . . .      Faith    .   c - +0 buckler
rNeg    . . .      Spirit   +   u - +1 ring mail of the Garden {rCorr}
rPois   +          Reflect  .   (helmet restricted)
rElec   .          Harm     .   e - scarf {+Inv}
rCorr   +          Rampage  .   l - +1 pair of gloves
Will    .....                   (no boots)
Stlth   ..........              w - amulet of guardian spirit
HPRegen 0.28/turn               g - ring of poison resistance
MPRegen 0.12/turn               d - +4 ring of slaying

@: confused, mighty, weak-willed
A: horns 2, retaliatory headbutt
a: Renounce Religion, Evoke Invisibility, Heroism, Finesse, Duel


You were on level 11 of the Dungeon.
You worshipped Okawaru.
Okawaru was extremely pleased with you.
You visited 2 branches of the dungeon, and saw 12 of its levels.

You collected 664 gold pieces.

Inventory:

Hand Weapons
 f - a +0 antimagic whip
 j - a +1 mace of protection
 y - the +1 mace of Articulation {vorpal, rN+}
   (You found it on level 7 of the Dungeon)

   It inflicts extra damage upon your enemies.
   rN:        It protects you from negative energy.
 G - a +6 war axe (weapon)
Missiles
 t - 2 throwing nets (quivered)
Armour
 c - a +0 buckler (worn)
 e - a scarf of invisibility (worn)
 l - a +1 pair of gloves (worn)
 u - the +1 ring mail of the Garden (worn) {rCorr}
   (You found it on level 6 of the Dungeon)

   rCorr:     It protects you from acid and corrosion.
Jewellery
 d - a +4 ring of slaying (right hand)
 g - a ring of poison resistance (left hand)
 h - a ring of resist corrosion
 r - a ring of protection from cold
 w - an amulet of guardian spirit (around neck)
Wands
 b - a wand of polymorph (16)
 n - a wand of acid (18)
 x - a wand of digging (5)
 A - a wand of paralysis (1)
 C - a wand of flame (12)
Scrolls
 a - a scroll of enchant weapon {unknown}
 i - 10 scrolls of teleportation
 k - a scroll of immolation
 s - a scroll of vulnerability
 z - 2 scrolls of identify
 D - a scroll of fear {unknown}
Potions
 m - 4 potions of attraction
 o - a potion of cancellation {unknown}
 p - a potion of brilliance {unknown}
 q - 3 potions of haste {unknown}
 v - a potion of resistance
 B - a potion of curing
 E - a potion of might


   Skills:
 + Level 15.5 Fighting
 - Level 2.4 Long Blades
 - Level 8.6 Maces & Flails
 + Level 10.4 Armour
 + Level 10.4 Shields


You had 10 spell levels left.
You didn't know any spells.
Your spell library contained the following spells:

 Spells                   Type           Power      Damage    Failure   Level
 Slow                     Hex            0%         N/A       61%         1
 Ensorcelled Hibernation  Hex/Ice        0%         N/A       75%         2
 Passwall                 Tmut/Erth      0%         N/A       75%         2
 Confusing Touch          Hex            0%         N/A       93%         3
 Ignite Poison            Fire/Tmut/Pois 0%         N/A       93%         3
 Mephitic Cloud           Conj/Pois/Air  0%         N/A       93%         3
 Portal Projectile        Hex/Tloc       0%         N/A       93%         3
 Swiftness                Air            0%         N/A       93%         3
 Vampiric Draining        Necr           0%         2d6       93%         3
 Cause Fear               Hex            0%         N/A       100%        4
 Leda's Liquefaction      Hex/Erth       0%         N/A       100%        4
 Passage of Golubria      Tloc           0%         N/A       100%        4
 Fireball                 Conj/Fire      0%         3d3       100%        5
 Freezing Cloud           Conj/Ice/Air   0%         6-21      100%        5
 Lee's Rapid Deconstruct  Erth           0%         3d5*      100%        5
 Yara's Violent Unravell  Hex/Tmut       0%         3d3       100%        5
 Starburst                Conj/Fire      0%         6d3       100%        6
 Statue Form              Tmut/Erth      0%         N/A       100%        6
 Dragon Form              Tmut           0%         N/A       100%        7
 Ignition                 Fire           0%         3d3       100%        8
 Call Canine Familiar     Summ           Unusable   N/A       N/A         3
 Tukima's Dance           Hex            Unusable   N/A       N/A         3
 Dragon's Call            Summ           Unusable   N/A       N/A         9

Dungeon Overview and Level Annotations

Branches:
Dungeon (11/15)            Temple (1/1) D:6             Orc (0/2) D:10
   Lair: D:8-11

Altars:
Ashenzari
Cheibriados
Elyvilon
Fedhas
Gozag
Hepliaklqana
Kikubaaqudgha
Makhleb
Nemelex Xobeh
Okawaru
Qazlal
Ru
Sif Muna
Trog
Uskayaw
Vehumet
Wu Jian
Xom
Yredelemnul
Zin
The Shining One

Shops:
D:3 *   D:10 [


Innate Abilities, Weirdness & Mutations

You have a pair of horns on your head.
You reflexively headbutt those who attack you in melee.


Message History

You are too injured to fight recklessly!
You are too injured to fight recklessly!
You slice the sphinx!!
The sphinx is moderately wounded.
You feel like a meek peon again.
The sphinx casts a spell.
Something smites you!
You slash the sphinx! You headbutt the sphinx.
The sphinx is heavily wounded.
The sphinx casts a spell.
Something smites you!
* * * LOW HITPOINT WARNING * * *
You hit the sphinx.
The sphinx is heavily wounded.
The sphinx completely misses you. You furiously retaliate!
You headbutt the sphinx. The sphinx barely misses you. The sphinx hits you!
* * * LOW HITPOINT WARNING * * *
You slash the sphinx!
The sphinx is severely wounded.
The sphinx hits you but does no damage. x3
You feel very mighty all of a sudden. The sphinx hits you.
* * * LOW HITPOINT WARNING * * *
The sphinx closely misses you. x2; The sphinx hits you.
* * * LOW HITPOINT WARNING * * *
The sphinx closely misses you. You block the sphinx's attack.
You completely miss the sphinx. Your headbutt misses the sphinx.
The sphinx is heavily wounded.
The sphinx barely misses you. x2; The sphinx hits you.
* * * LOW HITPOINT WARNING * * *
You hit the sphinx. You headbutt the sphinx.
The sphinx is severely wounded.
The sphinx casts a spell.
You are confused.
You barely miss the sphinx.
The sphinx is severely wounded.
The sphinx closely misses you. The sphinx hits you.
* * * LOW HITPOINT WARNING * * *
The sphinx hits you but does no damage. The sphinx hits you!
You die...

#. #.# #.# ## #.# .#
#.# # .#
#.#####.###.#
#.....##H@.##
##..#..#.###.#
#.....### #.#
#..#..#.####.#..
##.##..#.)†.##...
#...#..######.....
##................
##................
###.#..##..........#


You could see a sphinx.

Vanquished Creatures
  Erolcha (D:9)
  A centaur warrior (D:11)
  3 two-headed ogres
  A phantasmal warrior (D:11)
  A manticore (D:11)
  Joseph (D:7)
  A gargoyle (D:11)
  Psyche (D:9)
  4 trolls
  Grinder (D:5)
  Sigmund (D:3)
  A wyvern (D:11)
  A wraith (D:10)
  6 yaks
  2 steam dragons
  Menkaure (D:4)
  A sky beast (D:6)
  2 ice beasts
  6 orc warriors
  A black bear (D:7)
  The ghost of Yorgos the Slasher, an amateur DjBe of Trog (D:3)
  3 centaurs
  3 ogres
  2 kobold brigands
  3 gnoll sergeants
  4 bullfrogs
  6 scorpions
  A wyvern skeleton (D:6)
  3 killer bees (D:6)
  11 wights
  2 howler monkeys
  2 centaur zombies
  A crimson imp (D:10)
  2 hounds
  4 jellies
  2 gnoll shamans
  4 orc priests
  Crazy Yiuf (D:7)
  Jessica (D:2)
  2 iguanas
  15 orc wizards
  22 gnolls
  4 adders
  A white imp (D:10)
  An ufetubus (D:3)
  2 worms
  3 dart slugs
  69 orcs
  8 ball pythons
  3 bats (D:3)
  7 endoplasms
  3 giant cockroaches
  4 goblins
  7 hobgoblins
  3 quokkas
  4 frilled lizards
  19 kobolds
  4 rats
274 creatures vanquished.

Vanquished Creatures (others)
  An orc (D:8)
  3 fungi (D:11)
  3 plants (D:11)
7 creatures vanquished.

Grand Total: 281 creatures vanquished

Notes
Turn   | Place    | Note
-------+----------+-------------------------------------------
     0 | D:1      | vineage the Minotaur Fighter began the quest for the Orb.
     0 | D:1      | Reached XP level 1. HP: 19/19 MP: 0/0
   100 | D:1      | Reached skill level 4 in Fighting
   282 | D:1      | Reached XP level 2. HP: 22/28 MP: 1/1
   628 | D:1      | Found a faded altar of an unknown god.
   887 | D:2      | Reached skill level 5 in Fighting
   887 | D:2      | Reached XP level 3. HP: 33/36 MP: 2/2
  1018 | D:2      | Noticed Jessica
  1023 | D:2      | Killed Jessica
  1272 | D:2      | Reached skill level 6 in Fighting
  1272 | D:2      | Reached XP level 4. HP: 44/44 MP: 3/3
  1416 | D:3      | Noticed an ogre
  1434 | D:3      | Killed an ogre
  1435 | D:3      | Reached skill level 7 in Fighting
  1435 | D:3      | Reached XP level 5. HP: 32/52 MP: 4/4
  1736 | D:3      | Found Qauravyl's General Store.
  1737 | D:3      | Noticed Sigmund
  1767 | D:3      | Killed Sigmund
  1768 | D:3      | Reached skill level 8 in Fighting
  1768 | D:3      | Reached XP level 6. HP: 34/62 MP: 5/5
  2132 | D:3      | Found a runed translucent gate.
  2135 | D:3      | Found a runed translucent gate.
  2135 | D:3      | Found a runed translucent gate.
  2136 | D:3      | Noticed Yorgos's ghost (amateur DjBe)
  2315 | D:3      | Killed Yorgos's ghost
  2316 | D:3      | Reached skill level 9 in Fighting
  2323 | D:3      | Reached XP level 7. HP: 7/68 MP: 6/6
  3042 | D:3      | Reached skill level 10 in Fighting
  3300 | D:4      | Noticed Menkaure
  3308 | D:4      | Killed Menkaure
  3309 | D:4      | Reached skill level 11 in Fighting
  3600 | D:5      | Entered Level 5 of the Dungeon
  3774 | D:5      | Reached XP level 8. HP: 75/82 MP: 7/7
  3873 | D:5      | Reached skill level 12 in Fighting
  4048 | D:5      | Noticed Grinder
  4055 | D:5      | Paralysed by Grinder for 2 turns
  4063 | D:5      | Killed Grinder
  4314 | D:6      | Found a staircase to the Ecumenical Temple.
  4338 | D:6      | Reached skill level 13 in Fighting
  4576 | Temple   | Entered the Ecumenical Temple
  4785 | Temple   | Became a worshipper of Warmaster Okawaru
  4991 | D:6      | Identified the +1 ring mail of the Garden {rCorr}
  5244 | D:6      | Reached skill level 14 in Fighting
  5360 | D:6      | Reached XP level 9. HP: 65/95 MP: 6/8
  5782 | D:6      | HP: 1/94 [gnoll sergeant (5)]
  6968 | D:7      | Found a runed translucent door.
  6969 | D:7      | Noticed Crazy Yiuf
  6976 | D:7      | Killed Crazy Yiuf
  6977 | D:7      | Reached skill level 15 in Fighting
  6980 | D:7      | Identified the +1 mace of Articulation {vorpal, rN+}
  7200 | D:7      | Found a stormy altar of Qazlal.
  7200 | D:7      | Found a snail-covered altar of Cheibriados.
  7253 | D:7      | Reached skill level 1 in Maces & Flails
  7616 | D:7      | Reached * piety under Okawaru
  7679 | D:7      | Noticed a two-headed ogre
  7686 | D:7      | Killed a two-headed ogre
  7686 | D:7      | Reached ** piety under Okawaru
  7687 | D:7      | Reached skill level 5 in Armour
  7687 | D:7      | Reached skill level 5 in Shields
  7917 | D:7      | Noticed Joseph
  7932 | D:7      | Killed Joseph
  7933 | D:7      | Reached XP level 10. HP: 74/105 MP: 6/9
  8436 | D:8      | Reached skill level 5 in Maces & Flails
 10173 | D:9      | Reached *** piety under Okawaru
 10463 | D:9      | Noticed Erolcha
 10470 | D:9      | Killed Erolcha
 10573 | D:9      | You fall into a shaft and drop 1 floor!
 10573 | D:10     | Entered Level 10 of the Dungeon
 11005 | D:9      | Reached **** piety under Okawaru
 11188 | D:9      | Noticed Psyche
 11195 | D:9      | Killed Psyche
 11312 | D:9      | Noticed a two-headed ogre
 11328 | D:9      | Killed a two-headed ogre
 11329 | D:9      | Reached XP level 11. HP: 61/112 MP: 2/10
 11790 | D:10     | Found a staircase to the Orcish Mines.
 12923 | D:10     | Found Ymuqohau's Antique Armour Shop.
 12928 | D:10     | Noticed a two-headed ogre
 12936 | D:10     | Killed a two-headed ogre
 13603 | D:11     | Reached ***** piety under Okawaru
 13735 | D:11     | Found a shimmering altar of Xom.
 14060 | D:11     | Noticed a centaur warrior
 14070 | D:11     | Killed a centaur warrior
 14071 | D:11     | Reached skill level 10 in Armour
 14071 | D:11     | Reached skill level 10 in Shields
 14510 | D:11     | Noticed a sphinx
 14510 | D:11     | Noticed a phantasmal warrior
 14519 | D:11     | Killed a phantasmal warrior
 14528 | D:11     | Slain by a sphinx

Illustrated notes

Levels and vault maps discovered:
D:1:      shiori_arrival_elements, layout_loops_ring,
          shapermc_ecumenical_altar_mp_ritualfount
D:2:      layout_basic, uniq_jessica
D:3:      layout_rooms, serial_shops,
          nicolae_shop_temple_entry_statues_fountains,
          gammafunk_ghost_nasty_kobolds, uniq_sigmund
D:4:      layout_gridville, uniq_menkaure
D:5:      layout_rooms, uniq_grinder
D:6:      layout_rooms, temple_pool_b, minmay_misc_feat_hallway
D:7:      layout_loops_corners, gammafunk_temple_overflow_wave,
          uniq_crazy_yiuf_cottage, uniq_joseph
D:8:      layout_loops_corners
D:9:      layout_roguey, uniq_erolcha, uniq_psyche
D:10:     layout_cave_pods, hiddenorc2_lemuel, serial_shops, shop_fountains,
          minmay_fire_ice_demons
D:11:     minmay_mutant_horseshoe, layout_cave_pools,
          grunt_lair_entry_orc_guard_hut, st_stairs_3, xom_teletrap_fun
Temple:   mainiacjoe_temple_big_plus

Skill      XL: |  1  2  3  4  5  6  7  8  9 10 11 |
---------------+----------------------------------+-----
Fighting       | 4 5 6 7 8 9 11 14 15 | 15.5
Maces & Flails | 4 7 8 |  8.6
Armour         | 6 8 10 | 10.4
Shields        | 6 8 10 | 10.4
Long Blades    | |  2.4

Action                   |  1- 3 |  4- 6 |  7- 9 | 10-12 || total
-------------------------+-------+-------+-------+-------++-------
Melee: Long sword        |    54 |       |       |       ||    54
       Headbutt          |     8 |    18 |    57 |    75 ||   158
       Mace              |     8 |   107 |   238 |   279 ||   632
       Whip              |       |       |    42 |       ||    42
       War axe           |       |       |       |    48 ||    48
Invok: Heroism           |       |       |     2 |     7 ||     9
  Use: Scroll            |     1 |     1 |     7 |     7 ||    16
       Potion            |       |     3 |     5 |     3 ||    11
Armor: Scale mail        |     9 |       |       |       ||     9
       Plate armour      |    22 |    87 |   164 |       ||   273
       Skin              |       |       |    29 |       ||    29
       Ring mail         |       |       |    60 |   120 ||   180
Dodge: Dodged            |    20 |    23 |   127 |   148 ||   318
Block: Buckler           |    17 |    20 |    78 |    85 ||   200

Table legend: (Time is in decaauts)
 A = Elapsed time spent in this place.
 B = Non-inter-level travel time spent in this place.
 C = Inter-level travel time spent in this place.
 D = Time resting spent in this place.
 E = Time spent auto-exploring this place.
 F = Levels seen in this place.
 G = Mean time per level.
                   A        B        C        D        E       F      G
               +--------+--------+--------+--------+--------+-----+--------+
         Total |  14710 |  14268 |    442 |   3444 |   8848 |  12 | 1225.8 |
       Dungeon |  14331 |  13919 |    412 |   3444 |   8511 |  11 | 1302.8 |
        Temple |    378 |    348 |     30 |      0 |    337 |   1 |  378.0 |
               +--------+--------+--------+--------+--------+-----+--------+

Top non-repeatable levels by time:
    D:10: 1914 daAuts
     D:8: 1897 daAuts
     D:6: 1788 daAuts
     D:3: 1786 daAuts
     D:9: 1520 daAuts
     D:7: 1345 daAuts
     D:5: 1236 daAuts
    D:11: 940 daAuts
     D:1: 868 daAuts
     D:2: 536 daAuts
     D:4: 497 daAuts
  Temple: 378 daAuts
